 Dungeon Sprint DCSS version 0.30-a0-964-gd452b5e7fa (webtiles) character file.

Game seed: 11390827839443871446

35 Parcival the Trooper (level 3, -1/36 HPs)
             Began as a Minotaur Fighter on Mar 30, 2023.
             Drowned by a water elemental (8 damage)
             ... in the Dungeon (Sprint III: "The Ten Rune Challenge").
             The game lasted 00:00:31 (192 turns).

Parcival the Trooper (Minotaur Fighter)              Turns: 192, Time: 00:00:32

Health: -1/36      AC:  8    Str: 22    XL:     3   Next: 17%
Magic:  2/2        EV:  9    Int:  5    God:
Gold:   36         SH:  4    Dex:  9    Spells: 2/2 levels left

rFire   . . .      SeeInvis .    a - +0 war axe
rCold   . . .      Faith    .    c - +0 buckler
rNeg    . . .      Spirit   .    b - +0 scale mail
rPois   .          Reflect  .    (helmet restricted)
rElec   .          Rampage  .    (no cloak)
rCorr   .          NoTele   +    k - +0 pair of gloves
Will    .....                    (no boots) Stlth
                                 (no amulet)
HPRegen 0.26/turn                (no ring)
MPRegen 0.08/turn                (no ring)

@: engulfed (cannot breathe)
A: horns 2, retaliatory headbutt
a: no special abilities


You were in the Dungeon.
You visited 1 branch You collected 36 gold pieces.

Inventory:

Hand Weapons
 a - a +0 war axe (weapon)
Armour
 b - a +0 scale mail (worn)
 c - a +0 buckler (worn)
 k - a +0 pair of gloves (worn)
Scrolls
 j - a scroll of blinking
 m - a scroll of poison {unknown}
 n - 3 scrolls of identify
 q - 2 scrolls of immolation {unknown}
Potions
 d - a potion of might
 e - 3 potions of curing
 f - a potion of heal wounds
 g - a potion of haste
 h - 2 potions of magic
 i - a potion of berserk rage
 l - 2 potions of mutation {unknown}
 o - a potion of attraction {unknown}
 p - 2 potions of flight {unknown}


   Skills:
 + Level 5.4 Fighting
 + Level 4.1 Axes
 + Level 5.3 Armour
 + Level 0.1 Dodging
 + Level 5.3 Shields


You had 2 spell levels left.
You didn't know any spells.
Your spell library was empty.

Dungeon Overview and Level Annotations

Branches:
Dungeon (1/1)

Altars:


Innate Abilities, Weirdness & Mutations

You have a pair of horns on your head.
You reflexively headbutt those who attack you in melee.


Message History

You headbutt the wolf, but do no damage.
You barely miss the wolf. The wolf closely misses you.
You block the wolf's attack.
You hit the wolf.
The wolf is moderately wounded.
The wolf bites you. The wolf closely misses you. The wolf bites you.
You slash the wolf!
You kill the wolf!
Your Axes skill increases to level 4!
Your Armour skill increases to level 5!
Your Shields skill increases to level 5!
You have reached level 3!
Your experience leads to an increase in your attributes!
Increase (S)trength, (I)ntelligence, or (D)exterity?
You feel stronger. x2
You open the door.
There is an open door here.
You now have 22 gold pieces (gained 13).
You now have 36 gold pieces (gained 14).
l - an inky potion;
m - a scroll labelled FENELOS TEMN
n - 2 scrolls of identify;
o - a viscous puce potion;
p - a red potion
l - 2 inky potions (gained 1);
q - 2 scrolls labelled RAOGOY PIALYAV
n - 3 scrolls of identify (gained 1);
e - 3 potions of curing (gained 2)
p - 2 red potions (gained 1)
There is an open door here.
You enter the shallow water.
Moving in this stuff is going to be slow.
You open the door.
A water elemental comes into view.
You slash the water elemental!
The water elemental is moderately damaged.
The water elemental hits you! x2
The water elemental engulfs you in water!
You barely miss the water elemental. You headbutt the water elemental!
The water elemental is heavily damaged.
* * * LOW HITPOINT WARNING * * *
Your lungs strain for air!
You block the water elemental's attack.
You slash the water elemental!
The water elemental is almost destroyed.
You die...

▓▓▓▓▓▓▓▓▓▓▓▓ ▓▓▓
<.#..'...♣.♣♣ ♣.#
..#..#......♣ ♣♣.#
#'####.....♣♣ ♣..#
.....#....~♣♣♣♣♣.# #+#+#
.....#...~~......#......
.....#..~~~~♣♣♣.@E.⌠....
####'#..~≈≈~~~♣..#...###
.....#.~~≈~~~....#.⌠.#
†....#.~≈~~~.....# ..#
.....#.~~~.......# ###
'#####...........#
.................#
▓▓▓▓▓▓▓▓▓▓▓▓▓▓▓▓▓▓


You could see a water elemental.

Vanquished Creatures
  A human (D)
  A wolf (D)
  An endoplasm (D)
  3 rats (D)
6 creatures vanquished.

Notes
Turn   | Place    | Note
-------+----------+-------------------------------------------
     0 | D        | Parcival the Minotaur Fighter began the quest for the Orb.
     0 | D        | Reached XP level 1. HP: 19/19 MP: 0/0
    57 | D        | Reached skill level 5 in Fighting
    57 | D        | Reached XP level 2. HP: 20/29 MP: 1/1
   107 | D        | Reached skill level 5 in Armour
   107 | D        | Reached skill level 5 in Shields
   107 | D        | Reached XP level 3. HP: 23/36 MP: 2/2
   188 | D        | Noticed a water elemental
   192 | D        | Drowned by a water elemental

Illustrated notes

Levels and vault maps discovered:
D:        dungeon_sprint_mu [sprint_mu_entry_forest, sprint_mu_temple_rooms,
          sprint_mu_d1_horrors, sprint_mu_d2_genie, sprint_mu_d3_branching,
          sprint_mu_orc_legion, sprint_mu_elf_gauntlet, sprint_mu_hive_nellie,
          sprint_mu_lair_fedhas, sprint_mu_vaults_butterflies,
          sprint_mu_slime_circle, sprint_mu_swamp_cave, sprint_mu_shoals_archi,
          sprint_mu_blade_basic, sprint_mu_crypt_lich, sprint_mu_tomb_spiral,
          sprint_mu_vestibule_basic, sprint_mu_gehenna_hellfire,
          sprint_mu_dis_giant, sprint_mu_tartarus_statrot,
          sprint_mu_cocytus_islands, sprint_mu_zot1]

Skill      XL: |  1  2 |
---------------+-------+-----
Fighting       | 5 |  5.4
Armour         | 4 5 |  5.3
Shields        | 4 5 |  5.3
Axes           | 3 4 |  4.1
Dodging        | |  0.1

Action                     || total
---------------------------++-------
  Melee: War axe           ||    21
         Headbutt          ||     4
 Armour: Scale mail        ||     5
  Dodge: Dodged            ||    10
  Block: Buckler           ||     5

Table legend: (Time is in decaauts)
 A = Elapsed time spent in this place.
 B = Non-inter-level travel time spent in this place.
 C = Inter-level travel time spent in this place.
 D = Time resting spent in this place.
 E = Time spent auto-exploring this place.
 F = Levels seen in this place.
 G = Mean time per level.
                   A        B        C        D        E       F      G
               +--------+--------+--------+--------+--------+-----+--------+
         Total |    200 |    197 |      3 |      0 |    142 |   1 |  200.0 |
       Dungeon |    200 |    197 |      3 |      0 |    142 |   1 |  200.0 |
               +--------+--------+--------+--------+--------+-----+--------+

Top non-repeatable levels by time:
       D: 200 daAuts
